Map: Frost LE

Players

Nickos

  • Race: Terran Terran
  • League: Gold

Wallop - Winner!

  • Race: Zerg Zerg

VOD

Have the link to the VOD?

Description

Time

  • Played on: Sept. 24, 2016, 11:54 p.m.
  • Length: 15:11
Show
View Real Time Build Order
Export as new Build Order

Nickos Terran 

Build Orders: MMM Bio 

Get SALT Encoding   

  12  0:01  SCV  
  13  0:13  SCV  
  14  0:17  Supply Depot  
  14  0:26  SCV  
  15  0:39  SCV  
  15  0:40  Barracks  
  16  0:51  SCV  
  17  1:03  SCV  
  18  1:15  SCV  
  19  1:22  Command Center  
  19  1:32  Orbital Command  
  19  1:34  Marine  
  20  1:46  Barracks  
  20  1:52  Marine  
  21  1:55  Supply Depot  
  21  2:01  SCV  
  22  2:10  Marine  
  23  2:17  SCV  
  24  2:28  Barracks, Marine  
  24  2:29  SCV  
  26  2:31  Refinery  
  26  2:32  Refinery  
  26  2:34  Marine  
  27  2:41  Orbital Command, SCV  
  27  2:49  Bunker  
  27  2:51  Marine  
  27  2:53  SCV  
  29  2:59  Marine  
  29  3:05  SCV  
  31  3:06  SCV  
  31  3:11  Marine  
  33  3:17  SCV  
  33  3:18  Barracks Tech Lab  
  34  3:20  Barracks Reactor  
  34  3:27  SCV  
  34  3:29  SCV  
  35  3:39  Stimpack, Barracks Reactor, SCV  
  36  3:41  SCV  
  36  3:44  Marine  
  38  3:51  SCV  
  38  3:53  SCV  
  40  3:57  Supply Depot  
  40  4:00  Factory  
  40  4:03  SCV  
  40  4:05  SCV  
  40  4:08  Marine x2  
  40  4:09  Supply Depot, Marauder  
  46  4:18  SCV x2  
  46  4:19  Supply Depot  
  46  4:22  Marine x2  
  50  4:29  Marine  
  50  4:30  SCV x2, Marine  
  55  4:32  Supply Depot, Marauder  
  56  4:42  Supply Depot, SCV x2  
  56  4:44  Factory Reactor  
  58  4:48  Starport  
  58  4:49  Marine  
  58  4:51  Marine  
  58  4:52  Marine  
  61  4:54  Marine  
  61  4:55  Supply Depot  
  61  4:56  Marine  
  61  4:59  SCV x2  
  65  5:08  Marine x2  
  65  5:11  SCV x2  
  69  5:16  Marine x2  
  69  5:17  Marauder  
  69  5:18  Supply Depot  
  69  5:19  Supply Depot  
  73  5:26  Engineering Bay  
  73  5:28  SCV x2  
  75  5:29  Marine x2  
  75  5:35  Marine x2  
  79  5:38  Marine  
  79  5:40  Medivac x2, SCV x2  
  86  5:43  Supply Depot  
  86  5:48  Engineering Bay  
  86  5:50  Combat Shields  
  86  5:52  SCV x2, Marine x2  
  86  5:55  Terran Infantry Weapons Level 1  
  90  6:00  Marine  
  90  6:01  Marine  
  90  6:03  Marauder  
  93  6:04  SCV x2  
  95  6:15  Terran Infantry Armor Level 1  
  95  6:16  SCV x2  
  97  6:19  Refinery  
  97  6:20  Refinery  
  97  6:28  SCV  
  97  6:30  Supply Depot  
  97  6:31  Supply Depot  
  98  6:36  Supply Depot  
  98  6:39  Marine x2  
  99  6:40  Marine  
  86  7:03  Marine x3  
  86  7:04  Marine  
  86  7:06  Marine  
  86  7:07  Medivac x2  
  83  7:11  SCV x2  
  83  7:14  Command Center  
  85  7:21  Marine x2  
  87  7:23  SCV  
  87  7:27  Marine x3  
  84  7:37  Medivac  
  86  7:39  Marine x2  
  88  7:47  SCV x2  
  88  7:49  Liberator, Concussive Shells  
  88  7:50  Marine x2  
  94  7:51  Marauder  
  94  7:54  Supply Depot  
  94  7:56  Supply Depot  
  94  7:59  SCV x2  
  94  8:00  Liberator, Armory  
  94  8:03  Marine x2  
  98  8:08  Barracks, Marine x2  
  98  8:11  SCV  
  98  8:12  Marauder, SCV  
  107  8:15  Barracks  
  107  8:17  Barracks  
  110  8:20  Supply Depot  
  110  8:21  Marine x2  
  110  8:25  Marine  
  110  8:26  Bunker, Marine  
  114  8:31  SCV x2  
  116  8:38  Marine  
  117  8:43  Planetary Fortress, Supply Depot  
  117  8:48  SCV  
  117  8:49  Medivac, SCV  
  121  9:00  SCV  
  121  9:01  SCV  
  123  9:04  Barracks Tech Lab  
  123  9:05  Barracks Reactor  
  123  9:09  Marine x4  
  126  9:11  Medivac, Barracks Reactor  
  126  9:14  SCV x2  
  131  9:19  SCV  
  131  9:20  Marine  
  131  9:22  Medivac  
  135  9:26  SCV  
  135  9:28  Refinery  
  135  9:29  Refinery, Marine  
  135  9:30  Marine x4  
  141  9:37  Liberator  
  141  9:41  SCV x3  
  141  9:42  Terran Infantry Weapons Level 2  
  141  9:43  Command Center  
  144  9:51  Marine x2  
  144  9:52  Marine x5  
  149  9:53  Marine x3  
  149  9:56  Medivac  
  159  10:05  SCV  
  159  10:06  SCV x2  
  162  10:11  Marine  
  162  10:12  Marine x5  
  162  10:13  Marine x2  
  170  10:25  Marine x2  
  145  10:56  Marine x5  
  127  10:57  Marine x4  
  111  11:06  Marine  
  111  11:10  Medivac x2  
  109  11:14  Marine x3  
  112  11:20  Missile Turret  
  109  11:37  Missile Turret  
  109  11:39  Missile Turret x2  
  108  11:40  Medivac  
  95  11:50  Marine  
  95  11:51  Marine x4  
  92  11:56  Missile Turret  
  92  11:59  Missile Turret  
  88  12:06  Marine  
  88  12:07  Marine x4  
  86  12:08  Marine x2  
  86  12:09  Marine  
  86  12:24  Missile Turret  
  86  12:25  Missile Turret  
  86  12:26  Marine x2  
  86  12:27  Marine x5  
  86  12:28  Missile Turret, Marine x3  
  96  12:32  SCV x3  
  96  12:35  Liberator x2  
  99  12:44  SCV x2  
  99  12:45  Marine x3  
  99  12:46  Marine x3  
  99  12:47  Marine, Marauder  
  99  12:48  Marine x2  
  99  12:50  Terran Infantry Armor Level 2  
  118  13:03  Marine  
  112  13:13  Marine x2  
  112  13:14  Marine x5  
  112  13:15  Marine x2  
  112  13:18  Liberator  
  116  13:21  Marine  
  116  13:25  Command Center  
  116  13:27  Missile Turret  
  117  13:28  Missile Turret x2  
  117  13:31  Marine x3  
  117  13:32  Marine x4  
  124  13:35  Marauder x2  
  124  13:39  SCV x3, Marine  
  135  13:51  SCV  
  136  13:55  Marine  
  136  13:56  Marauder x2, Marine x3  
  136  14:01  Marine x4  
  148  14:06  Missile Turret  
  148  14:07  Missile Turret  
  148  14:08  Missile Turret  
  148  14:13  Marine x2  
  148  14:14  Marine x2  
  148  14:18  Marauder  
  148  14:22  Marine x5  
  142  14:38  Missile Turret  
  104  14:59  Missile Turret  
Show
View Real Time Build Order
Export as new Build Order

Wallop Zerg - Winner!

Build Orders: Hatch First, Muta Ling Bane 

Get SALT Encoding   

  12  0:00  Drone  
  13  0:13  Overlord  
  13  0:17  Drone  
  14  0:31  Drone x2  
  16  0:35  Drone  
  17  0:56  Hatchery  
  16  0:58  Drone  
  16  1:01  Extractor  
  16  1:03  Drone  
  17  1:08  Drone  
  18  1:23  Spawning Pool  
  17  1:26  Drone  
  17  1:31  Drone  
  19  1:40  Overlord  
  19  2:11  Queen  
  19  2:12  Queen  
  19  2:13  Zergling x4  
  19  2:14  Drone x2  
  26  2:22  Metabolic Boost  
  26  2:26  Drone  
  26  2:28  Drone  
  28  2:46  Baneling Nest  
  28  2:47  Drone  
  28  2:48  Drone x2  
  28  2:49  Overlord  
  30  2:58  Drone x2  
  32  3:03  Queen  
  34  3:10  Drone x2  
  34  3:29  Drone x5  
  34  3:30  Zergling x6  
  34  3:32  Overlord  
  42  3:40  Drone  
  43  3:50  Evolution Chamber  
  43  3:51  Evolution Chamber  
  41  3:56  Lair  
  41  3:59  Extractor  
  40  4:10  Pneumatized Carapace  
  40  4:15  Drone x3  
  40  4:16  Drone x3  
  40  4:17  Drone x3  
  48  4:21  Extractor  
  48  4:23  Extractor  
  47  4:37  Overlord x2  
  47  4:52  Zerg Melee Weapons Level 1, Zerg Ground Armor Level 1  
  47  4:53  Queen  
  49  5:02  Drone  
  49  5:03  Drone x4  
  49  5:06  Zergling x4  
  49  5:07  Zergling x2  
  57  5:17  Spore Crawler  
  57  5:19  Spore Crawler  
  55  5:42  Spire  
  52  5:52  Zergling x8  
  52  5:53  Zergling x8  
  52  5:54  Overlord x2  
  60  6:13  Baneling x3  
  60  6:14  Baneling x7  
  60  6:15  Baneling x2  
  60  6:17  Hatchery  
  59  6:20  Centrifical Hooks  
  59  6:31  Zergling x16  
  59  6:32  Zergling x8  
  71  6:34  Baneling  
  71  6:35  Baneling x7  
  71  6:36  Baneling x4  
  71  6:53  Zerg Melee Weapons Level 2, Zerg Ground Armor Level 2  
  53  7:06  Zergling x2  
  53  7:07  Zergling x14  
  55  7:46  Mutalisk x3  
  55  7:47  Mutalisk x3  
  55  7:48  Zergling x4  
  55  7:49  Zergling x14  
  76  7:51  Baneling  
  76  7:52  Baneling  
  76  7:53  Baneling  
  76  7:56  Drone  
  78  7:58  Drone  
  78  8:02  Queen  
  80  8:10  Baneling x2  
  80  8:11  Baneling x5  
  80  8:26  Mutalisk  
  82  8:28  Overlord x4  
  82  8:31  Drone x3  
  82  8:32  Drone  
  86  8:41  Extractor  
  85  8:44  Drone x3, Extractor  
  85  8:45  Drone x3  
  90  9:09  Queen  
  92  9:19  Drone  
  92  9:20  Drone x7  
  92  9:21  Mutalisk x4  
  92  9:22  Mutalisk  
  110  9:32  Mutalisk x3  
  116  9:57  Zergling x6  
  116  9:58  Zergling x6  
  122  10:01  Overlord x5  
  122  10:12  Baneling x7  
  122  10:13  Baneling x7  
  122  10:25  Zergling x6  
  122  10:26  Zergling x16  
  122  10:27  Zergling x6  
  105  11:20  Queen  
  105  11:22  Mutalisk x8  
  105  11:23  Mutalisk x7  
  105  11:25  Zergling x6  
  126  12:00  Hatchery  
  123  12:21  Queen  
  125  12:35  Zergling x4  
  125  12:36  Zergling x16  
  125  12:37  Zergling x14  
  137  12:38  Overlord x6  
  142  12:46  Zerg Flyer Weapons Level 1  
  142  12:52  Infestation Pit  
  139  13:22  Baneling x2  
  139  13:23  Baneling x8  
  139  13:24  Baneling x8  
  139  13:25  Baneling x7  
  139  13:26  Baneling x2  
  139  13:38  Drone  
  139  13:39  Drone x7  
  139  13:40  Drone x7  
  139  13:41  Drone  
  155  13:42  Drone x3  
  155  13:43  Drone  
  159  13:54  Hive  
  159  14:00  Zergling x14  
  159  14:01  Zergling x14  
  173  14:09  Spire  
  172  14:20  Extractor  
  172  14:22  Extractor  
  166  14:33  Baneling x3  
  166  14:34  Baneling x8  
  166  14:35  Baneling x2  
Tags
 
League
Gold
Matchup
TvZ
Replay Pack
Nickos replay
Add a new tag
Caveats
  • Supply blocks, unpowered buildings, or Contaminate may cause inaccurate times.
  • Supply counts are checked every 10 seconds.